 Dungeon Crawl Stone Soup version 0.26-a0-812-g31a745ddcd (webtiles) character file.

Game seed: 526412734843918313

4650 Dracia the Destroyer (level 10, -8/69 HPs)
             Began as a Purple Draconian Conjurer on Dec 9, 2020.
             Was a Follower of Sif Muna.
             Mangled by an anaconda (15 damage)
             ... on level 9 of the Dungeon.
             The game lasted 00:24:32 (11545 turns).

Dracia the Destroyer (Purple Draconian Conjurer)   Turns: 11545, Time: 00:24:32

Health: -8/69      AC: 12    Str:  9    XL:     10   Next: 20%
Magic:  0/29       EV: 12    Int: 23    God:    Sif Muna [*.....]
Gold:   669        SH:  0    Dex:  9    Spells: 6/23 levels left

rFire    . . .     SeeInvis .   y - +0 lajatang
rCold    + . .     Faith    .   (shield currently unavailable)
rNeg     . . .     Spirit   +   (armour unavailable)
rPois    .         Reflect  .   (helmet restricted)
rElec    .         Harm     .   c - +0 cloak
rCorr    .         Rampage  .   b - +0 pair of gloves
MR       +....                  l - +2 pair of boots
Stlth    ++........             G - amulet of guardian spirit
HPRegen  0.21/turn              W - ring of magical power
MPRegen  0.21/turn              C - ring of protection from cold

@: constricted
A: breathe power, unfitting armour, cold-blooded, AC +7
a: Breathe Dispelling Energy, Channel Magic, Renounce Religion


You were on level 9 of the Dungeon.
You worshipped Sif Muna.
Sif Muna was aware of your devotion.
You visited 2 branches of the dungeon, and saw 10 of its levels.
You also visited: Sewer.

You collected 669 gold pieces.


Innate Abilities, Weirdness & Mutations

You can breathe bolts of dispelling energy.
Your rich purple scales are hard. (AC +7)
You cannot fit into any form of body armour.
You are cold-blooded and may be slowed by cold attacks.


   Skills:
 - Level 7.0 Dodging
 - Level 1.7 Stealth
 - Level 7.0 Spellcasting
 + Level 9.2 Conjurations
 + Level 5.9 Invocations
 + Level 6.5 Evocations


You had 6 spell levels left.
You knew the following spells:

 Your Spells              Type           Power        Failure   Level
d - Dazzling Flash        Conj/Hex       ####..       3%          3
f - Fulminant Prism       Conj/Hex       ####......   12%         4
m - Mephitic Cloud        Conj/Pois/Air  ###.....     7%          3
s - Searing Ray           Conj           ######       1%          2
z - Magic Dart            Conj           ####         1%          1
X - Iskenderun's Mystic   Conj/Tloc      ####....     12%         4

Your spell library contained the following spells:

 Spells                   Type           Power        Failure   Level
 Conjure Flame            Conj/Fire      ####....     3%          3
 Blink                    Tloc           N/A          12%         2
 Call Imp                 Summ           #.......     12%         2
 Slow                     Hex            #.......     12%         2

Inventory:

Hand Weapons
 d - a +4 vampiric dagger
 f - a cursed -3 whip
 y - a +0 lajatang (weapon)
Missiles
 e - 52 poisoned darts (quivered)
 r - 2 throwing nets {=f=f}
Armour
 b - a +0 pair of gloves (worn)
 c - a +0 cloak (worn)
 l - a +2 pair of boots (worn)
 n - a scarf of shadows
Jewellery
 g - an uncursed amulet of regeneration
 s - an uncursed amulet of reflection
 A - an uncursed amulet of the acrobat
 C - a ring of protection from cold (right hand)
 G - an amulet of guardian spirit (around neck)
 W - a ring of magical power (left hand)
Wands
 t - a wand of paralysis (7)
 z - a wand of random effects (27)
 B - a wand of polymorph (10)
Scrolls
 a - 4 scrolls of remove curse {@r2@r2}
 h - 4 scrolls of teleportation {@r4@r4}
 i - 10 scrolls of identify {@r1@r1}
 m - 2 scrolls of fear
 o - a scroll of fog
 u - a scroll of amnesia
 v - a scroll of magic mapping
 D - a scroll of enchant armour
 E - a scroll of acquirement {unknown}
Potions
 j - 2 potions of might
 k - 3 potions of curing {@q1@q1}
 p - a potion of brilliance
 q - a potion of ambrosia
 x - a potion of invisibility

Dungeon Overview and Level Annotations

Branches:
Dungeon (9/15)             Temple (1/1) D:7           Sewer (visited)
   Lair: D:8-11         Orc: D:9-12

Altars:
Dithmenos
Elyvilon
Fedhas
Hepliaklqana
Makhleb
Nemelex Xobeh
Qazlal
Sif Muna
Trog
Uskayaw
Wu Jian
Zin
The Shining One

Shops:
D:6 :   D:9 :

Annotations:
D:7 2 transporters, casual's ghost, novice TrDe
D:9 1 runed translucent door

#.# #.# ##.# . #..# ...
#.## .....###.# #[[[..#
#####.# #@# #S#
#########.#######
.................
########....D....
#......... #############
#.........
..........).###<........
###########...!.........


You could see an anaconda.


Message History

The anaconda constricts you. The anaconda barely misses you.
* * * LOW HITPOINT WARNING * * *
The anaconda constricts you.
Your magical contamination has completely faded away.
You barely miss the anaconda.
The anaconda is almost dead.
The anaconda bites you.
* * * LOW HITPOINT WARNING * * *
x2 The anaconda constricts you.
The anaconda closely misses you. The anaconda constricts you.
The anaconda bites you!
* * * LOW HITPOINT WARNING * * *
x2 The anaconda constricts you.
You feel much better. The anaconda bites you!
* * * LOW HITPOINT WARNING * * *
x2 The anaconda constricts you.
The anaconda closely misses you.
* * * LOW HITPOINT WARNING * * *
The anaconda constricts you.
You barely miss the anaconda.
The anaconda is severely wounded.
The anaconda misses you.
* * * LOW HITPOINT WARNING * * *
The anaconda constricts you. The anaconda misses you.
* * * LOW HITPOINT WARNING * * *
The anaconda constricts you.
You completely miss the anaconda.
The anaconda is severely wounded.
The anaconda bites you!
* * * LOW HITPOINT WARNING * * *
x2 The anaconda constricts you.
The anaconda bites you!
You die...

Skill      XL: |  1  2  3  4  5  6  7  8  9 10 |
---------------+-------------------------------+-----
Conjurations   | 5 7 8 9 |  9.2
Spellcasting   | 3 5 6 7 |  7.0
Dodging        | 4 7 |  7.0
Evocations     | 2 5 6 |  6.5
Invocations    | 1 5 |  5.9
Stealth        | |  1.7

Action                   |  1- 3 |  4- 6 |  7- 9 | 10-12 || total
-------------------------+-------+-------+-------+-------++-------
Melee: Unarmed           |    32 |       |       |       ||    32
       Tailslap          |    14 |     6 |    28 |     4 ||    52
       Dagger            |    88 |   244 |   333 |    33 ||   698
       Lajatang          |       |       |       |    10 ||    10
Throw: Dart              |       |       |     6 |       ||     6
 Cast: Magic Dart        |    48 |       |    87 |    16 ||   151
       Searing Ray       |     1 |     8 |    30 |     8 ||    47
       Fulminant Prism   |       |       |     2 |       ||     2
       Iskenderun's Myst |       |       |     1 |     2 ||     3
       Mephitic Cloud    |       |       |     1 |       ||     1
 Abil: Breathe Dispellin |       |       |     6 |       ||     6
Evoke: Wand              |       |       |       |     3 ||     3
  Use: Scroll            |       |     9 |     3 |     5 ||    17
       Potion            |       |     6 |     5 |     4 ||    15
 Stab: Sleeping          |     1 |     4 |       |       ||     5
Armor: Skin              |    30 |   123 |   164 |    22 ||   339
Dodge: Dodged            |    74 |   167 |   388 |    71 ||   700

Levels and vault maps discovered:
D:1:      dpeg_arrival_prison, layout_basic
D:2:      layout_loops_cross, chequers_ecumenical_altar_simple_redux
D:3:      layout_loops_ring, minmay_misc_feat_roman, minmay_misc_feat_alley,
          nicolae_dithmenos_shadow_blocks
D:4:      layout_basic, uniq_sigmund, uniq_pikel
D:5:      layout_basic, minmay_misc_feat_tower
D:6:      layout_loops_cross, kennysheep_mini, eat_drink_and_be_merry_uskayaw,
          minitemple, zin_statuary, portal_sewer_entry_e, serial_shops,
          kennysheep_little_box, serial_bayou_pond_c
D:7:      layout_rooms, minmay_temple_entry_overgrown, gammafunk_ghost_arena
D:8:      layout_gridville, uniq_joseph
D:9:      layout_roguey, gammafunk_temple_overflow_pools, orc_david_3,
          serial_glass, glass_columns_a, glass_columns_a, serial_shops, shop,
          nrook_uturn, columned_hall_lemuel, minivault_13
Temple:   nicolae_temple_figure_eight

Notes
Turn   | Place    | Note
-------+----------+-------------------------------------------
     0 | D:1      | Dracia the Draconian Conjurer began the quest for the Orb.
     0 | D:1      | Reached XP level 1. HP: 14/14 MP: 3/3
   501 | D:1      | Reached XP level 2. HP: 20/20 MP: 5/5
  1039 | D:1      | Learned a level 2 spell: Searing Ray
  1649 | D:2      | Reached XP level 3. HP: 14/26 MP: 6/6
  1965 | D:2      | Reached skill level 5 in Conjurations
  2259 | D:2      | Reached XP level 4. HP: 26/33 MP: 8/8
  2368 | D:2      | Found a faded altar of an unknown god.
  2756 | D:2      | Learned a level 3 spell: Dazzling Flash
  2888 | D:3      | Reached skill level 3 in Spellcasting
  3129 | D:3      | Found a shadowy altar of Dithmenos.
  3614 | D:3      | Reached XP level 5. HP: 31/38 MP: 9/9
  3879 | D:3      | Identified a potion of resistance
  4047 | D:4      | Noticed a lemure
  4047 | D:4      | Noticed a lemure
  4047 | D:4      | Noticed Pikel
  4052 | D:4      | Noticed a lemure
  4063 | D:4      | Noticed a lemure
  4065 | D:4      | Killed a lemure
  4071 | D:4      | Killed a lemure
  4073 | D:4      | Killed Pikel
  4073 | D:4      | Reached skill level 5 in Spellcasting
  4073 | D:4      | Reached skill level 7 in Conjurations
  4073 | D:4      | Reached XP level 6. HP: 33/45 MP: 4/13
  4073 | D:4      | Your scales start taking on a rich purple colour.
  4073 | D:4      | Reached skill level 6 in Spellcasting
  4073 | D:4      | Reached XP level 7. HP: 36/50 MP: 4/16
  4317 | D:4      | Noticed Sigmund
  4326 | D:4      | Killed Sigmund
  4326 | D:4      | Reached skill level 7 in Spellcasting
  4326 | D:4      | Reached skill level 2 in Dodging
  4407 | D:4      | Learned a level 4 spell: Fulminant Prism
  4412 | D:4      | Learned a level 4 spell: Iskenderun's Mystic Blast
  4487 | D:4      | Reached skill level 3 in Dodging
  4997 | D:5      | Entered Level 5 of the Dungeon
  5210 | D:5      | Learned a level 3 spell: Mephitic Cloud
  5426 | D:5      | Reached skill level 4 in Dodging
  5513 | D:5      | Reached XP level 8. HP: 57/57 MP: 18/18
  6070 | D:6      | Found a hazy altar of Hepliaklqana.
  6074 | D:6      | Found an ornate altar of the Wu Jian Council.
  6076 | D:6      | Found a bloodstained altar of Trog.
  6081 | D:6      | Found a shadowy altar of Dithmenos.
  6348 | D:6      | Found a hide-covered altar of Uskayaw.
  6377 | D:6      | Reached skill level 5 in Dodging
  6463 | D:6      | Found a glowing drain.
  6481 | Sewer    | Entered a sewer
  6505 | Sewer    | Noticed Purgy
  6515 | Sewer    | Killed Purgy
  7005 | D:6      | Found a white marble altar of Elyvilon.
  7083 | D:6      | Found Kel Tile's Book Shop.
  7197 | D:6      | Found a glowing silver altar of Zin.
  7230 | D:6      | Reached skill level 6 in Dodging
  7691 | D:7      | Reached skill level 7 in Dodging
  7691 | D:7      | Reached skill level 1 in Evocations
  7893 | D:7      | Found a staircase to the Ecumenical Temple.
  7916 | D:7      | Reached skill level 2 in Evocations
  7925 | D:7      | Noticed casual's ghost (novice TrDe)
  7936 | Temple   | Entered the Ecumenical Temple
  8026 | Temple   | Became a worshipper of Sif Muna the Loreminder
  8157 | D:7      | Found a transporter.
  8166 | D:7      | Found a transporter.
  8286 | D:7      | Reached skill level 1 in Invocations
  8493 | D:8      | Reached XP level 9. HP: 61/62 MP: 19/19
  8512 | D:8      | Reached skill level 3 in Evocations
  8561 | D:8      | Noticed Joseph
  8618 | D:8      | Noticed a gargoyle
  8711 | D:8      | Killed a gargoyle
  8711 | D:8      | Reached skill level 2 in Invocations
  8847 | D:8      | Killed Joseph
  8847 | D:8      | Reached skill level 8 in Conjurations
  8847 | D:8      | Reached skill level 3 in Invocations
  8847 | D:8      | Reached skill level 4 in Evocations
  9288 | D:8      | Reached skill level 4 in Invocations
  9379 | D:8      | Reached skill level 5 in Evocations
  9632 | D:8      | Reached * piety under Sif Muna
  9937 | D:8      | Noticed a two-headed ogre
  9946 | D:8      | Killed a two-headed ogre
  9946 | D:8      | Reached skill level 5 in Invocations
  9946 | D:8      | Reached XP level 10. HP: 27/69 MP: 0/20
 10300 | D:9      | Reached skill level 6 in Evocations
 10433 | D:9      | Found a runed translucent door.
 10433 | D:9      | Noticed a six-headed hydra
 10880 | D:9      | Found Derghuin's Book Shoppe.
 10926 | D:9      | Reached skill level 9 in Conjurations
 11529 | D:9      | Noticed an ettin
 11529 | D:9      | a six-headed hydra changed into an ettin
 11530 | D:9      | Noticed an anaconda
 11530 | D:9      | an ettin changed into an anaconda
 11545 | D:9      | Mangled by an anaconda

Vanquished Creatures
  A two-headed ogre (D:8)
  Pikel (D:4)
  Joseph (D:8)
  A gargoyle (D:8)
  Sigmund (D:4)
  An ice beast (D:9)
  5 orc warriors
  Purgy (Sewer)
  A hornet zombie (D:7)
  An eye of draining (D:9)
  2 sky beasts
  A black bear (D:9)
  An ogre (D:6)
  A phantom (D:8)
  A centaur (D:8)
  2 lemures (D:4)
  2 bullfrogs (D:8)
  2 gnoll sergeants
  2 scorpions (D:6)
  3 wights (D:7)
  A howler monkey (D:5)
  4 hounds
  2 jellies (D:6)
  2 orc wizards
  2 bullfrog skeletons (D:8)
  2 centaur skeletons (D:6)
  4 worker ants
  An iguana (D:4)
  A hound skeleton (D:6)
  13 gnolls
  14 adders
  3 shadow imps
  3 white imps
  An adder skeleton (D:8)
  3 worms
  4 dart slugs
  9 leopard geckos
  17 orcs
  5 ball pythons
  9 giant cockroaches
  6 goblins
  11 hobgoblins
  6 jackals
  6 kobolds
  3 quokkas (D:3)
  7 bats
  9 frilled lizards
  13 rats
192 creatures vanquished.

Vanquished Creatures (collateral kills)
  An adder (D:9)
  An orc (D:9)
2 creatures vanquished.

Vanquished Creatures (others)
  2 fulminant prisms (D:8)
2 creatures vanquished.

Grand Total: 196 creatures vanquished

Table legend: (Time is in decaauts)
 A = Elapsed time spent in this place.
 B = Non-inter-level travel time spent in this place.
 C = Inter-level travel time spent in this place.
 D = Time resting spent in this place.
 E = Time spent auto-exploring this place.
 F = Levels seen in this place.
 G = Mean time per level.
                   A        B        C        D        E       F      G
               +--------+--------+--------+--------+--------+-----+--------+
         Total |  11597 |  11197 |    400 |   1631 |   7465 |  11 | 1054.3 |
       Dungeon |  11070 |  10689 |    381 |   1502 |   7172 |   9 | 1230.0 |
        Temple |    110 |     91 |     19 |      0 |     80 |   1 |  110.0 |
         Sewer |    416 |    416 |      0 |    129 |    212 |   1 |  416.0 |
               +--------+--------+--------+--------+--------+-----+--------+

Top non-repeatable levels by time:
     D:8: 1892 daAuts
     D:1: 1634 daAuts
     D:6: 1261 daAuts
     D:2: 1249 daAuts
     D:4: 1107 daAuts
     D:5: 1037 daAuts
     D:9: 1013 daAuts
     D:3: 1005 daAuts
     D:7: 869 daAuts
   Sewer: 416 daAuts
  Temple: 110 daAuts

Table legend:
 A = Non-vault XP
 B = Vault XP
 C = Vault XP percentage of total XP
 D = Non-vault monster count
 E = Vault monster count
 F = Vault count percentage of total count
                 A         B        C        D         E       F
            +---------+---------+-------+---------+---------+-------
      Total |    4611 |    2033 |  30.6 |     165 |      27 |  14.1
            +---------+---------+-------+---------+---------+-------
        D:1 |      35 |       3 |   7.9 |      19 |       2 |   9.5
        D:2 |      97 |       0 |   0.0 |      31 |       0 |   0.0
        D:3 |      71 |       0 |   0.0 |      22 |       0 |   0.0
        D:4 |     206 |     829 |  80.1 |      16 |       2 |  11.1
        D:5 |     365 |       0 |   0.0 |      19 |       0 |   0.0
        D:6 |     462 |      34 |   6.9 |      10 |       8 |  44.4
        D:7 |     539 |       0 |   0.0 |      19 |       0 |   0.0
        D:8 |    2252 |     493 |  18.0 |      21 |       1 |   4.5
        D:9 |     584 |     529 |  47.5 |       8 |       8 |  50.0
      Sewer |       0 |     145 | 100.0 |       0 |       6 | 100.0
            +---------+---------+-------+---------+---------+-------
